 Dungeon Crawl Stone Soup version 0.23.1 (webtiles) character file.

Game seed: 0

55 m3hgu5t4 the Insei (level 3, 0/31 HPs)
             Began as a Naga Transmuter on Mar 9, 2019.
             Succumbed to an adder's poison
             ... on level 2 of the Dungeon on Mar 11, 2019.
             The game lasted 00:21:06 (1252 turns).

m3hgu5t4 the Insei (Naga Transmuter)                Turns: 1252, Time: 00:21:07

Health: 0/31       AC:  4    Str: 14    XL:     3   Next: 93%
Magic:  6/6        EV:  7    Int: 13    God:
Gold:   92         SH:  3    Dex: 12    Spells: 3/6 levels left

rFire    . . .     SeeInvis +   e - +0 club
rCold    . . .     Gourm    .   o - +0 buckler
rNeg     . . .     Faith    .   c - +0 scale mail
rPois    +         Spirit   .   (no helmet)
rElec    .         Reflect  .   (no cloak)
rCorr    .         Harm     .   (no gloves)
MR       .....                  (no barding)
Stlth    ..........             (no amulet)
HPRegen  0.10/turn              q - +2 ring of strength
MPRegen  0.10/turn              (no ring)

@: lethally poisoned (0 -> -12), very slow
A: large, see invisible, deformed body, poison resistance, slowness 2, slow
metabolism 1, spit poison 1, AC +1
a: Spit Poison


You were on level 2 of the Dungeon.
You were not hungry.

You visited 1 branch of the dungeon, and saw 2 of its levels.

You collected 92 gold pieces.

Inventory:

Hand Weapons
 e - a +0 club (weapon)
 f - a +0 dagger
 h - a +0 club
 i - a +0 whip
 k - a +0 club
 m - a +0 club
 t - a +0 hunting sling
Missiles
 a - 12 arrows
 l - 24 bolts
 p - 16 stones (quivered)
Armour
 b - a +0 robe
 c - a +0 scale mail (worn)
 o - a +0 buckler (worn)
Jewellery
 q - a +2 ring of strength (left hand)
Scrolls
 n - a scroll of fear {unknown}
Potions
 g - a potion of curing
 j - a potion of might {unknown}
Comestibles
 d - 5 rations
 r - 5 chunks of flesh


   Skills:
 + Level 1.3 Fighting
 + Level 0.2 Maces & Flails
 + Level 0.8 Armour
 + Level 2.0 Dodging
 + Level 0.1 Shields
 + Level 3.5 Unarmed Combat
 + Level 2.4 Spellcasting
 + Level 2.1 Transmutations


You had 3 spell levels left.
You knew the following spells:

 Your Spells              Type           Power        Failure   Level  Hunger
a - Beastly Appendage     Tmut           #.....       58%         1    #......
b - Sticks to Snakes      Tmut           #.......     75%         2    ###....

Your spell library contained the following spells:

 Spells                   Type           Power        Failure   Level  Hunger
 Spider Form              Tmut/Pois      #.........   98%         3    ###....
 Ice Form                 Ice/Tmut       #.......     100%        4    #####..
 Blade Hands              Tmut           #.........   100%        5    ######.


Dungeon Overview and Level Annotations

Branches:
Dungeon (2/15)

Altars:


Innate Abilities, Weirdness & Mutations

You cannot wear boots.
Your serpentine skin is tough. (AC +1)
You have supernaturally acute eyesight. (SInv)
Armour fits poorly on your strangely shaped body.
Your system is resistant to poisons. (rPois)
You cover ground very slowly.
You have a slow metabolism.
You can spit poison.


Message History

You hit the adder.
The adder is almost dead.
* * * LOW HITPOINT WARNING * * *
You feel sick.
The adder bites you but does no damage. x2
You miss the adder.
The adder is almost dead.
* * * LOW HITPOINT WARNING * * *
You feel sick. The adder bites you.
* * * LOW HITPOINT WARNING * * *
You are more poisoned.
The adder poisons you! The adder bites you but does no damage.
You miss the adder.
The adder is almost dead.
* * * LOW HITPOINT WARNING * * *
You feel sick. The adder bites you but does no damage.
You block the adder's attack.
The ball python hisses angrily.
You hit the adder.
You kill the adder!
You die...

# ###. ....##
......###### +###
...........# .....
...........####......
...........)..S......
...........#..#......
.......@...#..#.....
...........#..#... .....
...........#..#.####....
#.#+#+###.##............
# #.###.#.####.... ..#
#.#.#....... ##
#.#.#<##.# #.#'#'##+###
#...........


You could see a ball python.

Vanquished Creatures
  An adder (D:2)
  2 dart slugs (D:1)
  A leopard gecko (D:2)
  6 bats (D:1)
  4 giant cockroaches
  8 hobgoblins
  4 jackals
  A quokka (D:2)
  A ball python (D:2)
  2 frilled lizards (D:1)
  3 kobolds
  2 rats
35 creatures vanquished.

Notes
Turn   | Place    | Note
-------+----------+-------------------------------------------
     0 | D:1      | m3hgu5t4 the Naga Transmuter began the quest for the Orb.
     0 | D:1      | Reached XP level 1. HP: 18/18 MP: 3/3
   185 | D:1      | Reached XP level 2. HP: 6/25 MP: 5/5
   222 | D:1      | Learned a level 2 spell: Sticks to Snakes
   628 | D:1      | Reached XP level 3. HP: 31/31 MP: 6/6
  1252 | D:2      | Succumbed to an adder's poison

Skill      XL: |  1  2  3 |
---------------+----------+-----
Dodging        | 2 |  2.0
Fighting       | |  1.3
Maces & Flails | |  0.2
Armour         | |  0.8
Shields        | |  0.1
Unarmed Combat | |  3.5
Spellcasting   | |  2.4
Transmutations | |  2.1

Action                   || total
-------------------------++-------
Melee: Unarmed           ||    44
       Club              ||    59
 Cast: Beastly Appendage ||     1
 Abil: Spit Poison       ||    25
  Use: Scroll            ||     4
  Eat: Chunk             ||     2
Armor: Scale mail        ||    72
Dodge: Dodged            ||    43
Block: Buckler           ||     9
